General information
- name: Freakapie P:| L:3
- type: Custom game
- host: PIESOFTHENORTH
- saver: Miles_Edgeworth
map: BridgeTooNear
- players: 2
- length: 14:42
- speed: Fast
- version: 1.26 W3XP
- replay type: Public
» download(93 KB)
Players
team 1 (loser)

»
Freakapie (
orange | 83 APM | 1212 actions | 14:41)
2 Demon Hunter
1 Mana Burn
1 Evasion
1 Keeper of the Grove
1 Entangling Roots
» actions
| Assign group hotkey | 22 | |
| Basic commands | 31 | |
| Build / train | 49 | |
| ESC pressed | 7 | |
| Enter build submenu | 14 | |
| Enter hero's abilities submenu | 3 | |
| Right click | 511 | |
| Select / deselect | 278 | |
| Select group hotkey | 251 | |
| Use ability | 46 | |
1212 total
» units
» upgrades
| Strength of the Moon | 2 | |
| Moon Armor | 1 | |
| Druid of the Claw Training | 1 | |
| Improved Bows | 1 | |
| Nature's Blessing | 2 | |
| Marksmanship | 1 | |
8 total
» buildings
| Altar of Elders | 1 | |
| Ancient of War | 2 | |
| Moon Well | 4 | |
| Ancient of Wonders | 1 | |
| Hunter's Hall | 1 | |
| Tree of Ages | 1 | |
| Ancient of Lore | 2 | |
| Tree of Life | 1 | |
| Tree of Eternity | 1 | |
14 total
» build order
00:03 Altar of Elders
00:06 Ancient of War
00:14 Moon Well
02:27 Moon Well
02:53 Ancient of Wonders
02:56 Moon Well
03:36 Hunter's Hall
04:56 Tree of Ages
07:09 Moon Well
07:33 Ancient of Lore
07:35 Ancient of Lore
08:10 Tree of Life
09:03 Tree of Eternity
10:17 Ancient of War
» items
| Potion of Healing | 2 | |
| Staff of Preservation | 1 | |
3 total
team 2 (winner)
Miles_Edgeworth (
blue | 137 APM | 2011 actions | 14:42)
4 Death Knight
2 Death Coil
2 Unholy Aura
3 Lich
2 Frost Nova
1 Frost Armor
» actions
| Assign group hotkey | 43 | |
| Basic commands | 230 | |
| Build / train | 42 | |
| ESC pressed | 5 | |
| Enter build submenu | 20 | |
| Enter hero's abilities submenu | 7 | |
| Right click | 739 | |
| Select / deselect | 306 | |
| Select group hotkey | 569 | |
| Use ability | 50 | |
2011 total
» units
| Acolyte | 4 | |
| Ghoul | 9 | |
| Forest Troll Shadow Priest | 1 | |
| Gargoyle | 3 | |
| Crypt Fiend | 3 | |
| Abomination | 1 | |
21 total
» upgrades
» buildings
| Altar of Darkness | 1 | |
| Ziggurat | 7 | |
| Crypt | 3 | |
| Graveyard | 2 | |
| Tomb of Relics | 1 | |
| Nerubian Tower | 1 | |
| Halls of the Dead | 2 | |
| Sacrificial Pit | 1 | |
| Slaughterhouse | 2 | |
| Black Citadel | 2 | |
22 total
» build order
00:08 Altar of Darkness
00:10 Ziggurat
00:34 Crypt
01:02 Graveyard
01:15 Tomb of Relics
01:47 Ziggurat
02:39 Nerubian Tower
03:58 Halls of the Dead
03:58 Halls of the Dead
05:22 Ziggurat
05:24 Crypt
05:34 Crypt
06:51 Graveyard
07:14 Ziggurat
08:19 Sacrificial Pit
08:22 Slaughterhouse
10:06 Black Citadel
10:07 Black Citadel
10:09 Slaughterhouse
11:05 Ziggurat
14:02 Ziggurat
14:37 Ziggurat
» items
| Rod of Necromancy | 2 | |
| Dust of Appearance | 1 | |
| Potion of Healing | 2 | |
5 total
Chat log
(00:23 / All) Miles_Edgeworth: was this an old roc map?
(00:30 / All) Freakapie: probably.
(06:18 / All) Miles_Edgeworth: oof
(11:48 / All) Freakapie: Yeah
(11:50 / All) Freakapie: You won
(11:54 / All) Freakapie: think I did better this time though
(11:56 / All) Miles_Edgeworth: yeah
(11:58 / All) Miles_Edgeworth: your elf is good
(12:05 / All) Freakapie: Better than my orc that's for sure
(12:13 / All) Freakapie: I'd still say I'm best with ud
(12:17 / All) Freakapie: But I hate playing mirror :P
(12:19 / All) Miles_Edgeworth: ah
(12:28 / All) Miles_Edgeworth: i think i'm best vs orc
(12:34 / All) Freakapie: hmm.
(12:34 / All) Miles_Edgeworth: then my mirror and v elf are about equal
(12:37 / All) Miles_Edgeworth: terrrrrible vs hu
(12:47 / All) Freakapie: Yeah hus are tricky
(12:54 / All) Miles_Edgeworth: idk why i have a hard time with them
(12:55 / All) Freakapie: I often lose against them no matter what
(12:59 / All) Freakapie: Bolt
(13:00 / All) Freakapie: It's scary.
(13:02 / All) Miles_Edgeworth: yeah lol
(13:06 / All) Freakapie: Yeah gg
(13:09 / All) Miles_Edgeworth: gg
(13:14 / All) Miles_Edgeworth: should i post the reps?
(13:19 / All) Freakapie: did you save them?
(13:22 / All) Miles_Edgeworth: i auto save
(13:25 / All) Freakapie: Ah
(13:28 / All) Freakapie: Yeah go ahead
(13:29 / All) Miles_Edgeworth: okay
(13:36 / All) Freakapie: Guess I'm gonna be able to get revenge on dj orwell
(13:38 / All) Miles_Edgeworth: hahah
(13:40 / All) Miles_Edgeworth: i guess so
(13:42 / All) Freakapie: For massing wraiths against my ultralisks and winning
(13:46 / All) Miles_Edgeworth: oof
(13:47 / All) Miles_Edgeworth: that sucks
(13:49 / All) Freakapie: Yeah
(13:51 / All) Miles_Edgeworth: we should have a bw tournament next lol
(13:55 / All) Miles_Edgeworth: or doom
(13:56 / All) Freakapie: I was playing really stupidly thought hat game
(13:57 / All) Miles_Edgeworth: since people want to play that
(14:00 / All) Freakapie: making ultralisks on blue storm is retarded.
(14:05 / All) Miles_Edgeworth: it's hard to fit them
(14:06 / All) Miles_Edgeworth: through that gap
(14:08 / All) Freakapie: yeah
(14:09 / All) Freakapie: itw as dumb
(14:15 / All) Miles_Edgeworth: eh
(14:19 / All) Miles_Edgeworth: they'er really good against t though
(14:26 / All) Freakapie: Anyway, the interest in a war3 touranament was far greater than any other game
(14:30 / All) Freakapie: like not even close
(14:31 / All) Miles_Edgeworth: yeah definitely
(14:39 / All) Freakapie: anyway yeah gg
(14:40 / All) Miles_Edgeworth: gg